 Dungeon Crawl Stone Soup version 0.27-a0-1140-g099f9bb (webtiles) character file.

Game seed: 11381885452644676730

371206 Meow the Warrior (level 23, -5/342 HPs)
             Began as a Naga Venom Mage on May 8, 2021.
             Was the Champion of Okawaru.
             Slain by a vampire knight
             ... wielding a +0 glaive
              (22 damage)
             ... on level 3 of the Depths.
             The game lasted 04:12:31 (68087 turns).

Meow the Warrior (Naga Venom Mage)                 Turns: 68087, Time: 04:12:32

Health: -5/342     AC: 35    Str:  7    XL:     23   Next: 0%
Magic:  25/41      EV:  1    Int: 21    God:    Okawaru [******]
Gold:   3075       SH:  0    Dex: 12    Spells: 12/50 levels left

rFire    . . .     SeeInvis +   a - +10 flail of the Tooth {pain, rN+ Will+ Str-3 Dex+5}
rCold    + + +     Faith    +   v - +1 kite shield {rC+}
rNeg     + + +     Spirit   .   (armour currently unavailable)
rPois    +         Reflect  .   (helmet currently unavailable)
rElec    +         Harm     .   (cloak currently unavailable)
rCorr    +         Rampage  .   (gloves currently unavailable)
Will     +++++     NoTele   +   (no barding)
Stlth    ++........             Q - amulet of faith
HPRegen  0.67/turn              i - ring of Moodiness {rElec Will++ AC+4 Dex-4 SInv}
MPRegen  0.27/turn              t - ring of the Greedy {rPois rC+++ rCorr Int-4 Slay+4}

@: confused, tree-form, ambrosia-drunk, hasted, very quick
A: stationary, stasis, torment immunity, boosted hp, AC +7, large, see
invisible, (deformed body), (poison resistance), (slowness 2), spit poison 1,
(naga tail 2), clumsy 1
}: 1/15 runes: serpentine
a: Spit Poison, Renounce Religion, Heroism, Finesse


You were on level 3 of the Depths.
You worshipped Okawaru.
Okawaru was exalted by your worship.
You were a tree.
You visited 8 branches of the dungeon, and saw 37 of its levels.
You also visited: Bailey, Gauntlet and Volcano.

You collected 4715 gold pieces.
You spent 1640 gold pieces at shops.

Inventory:

Hand Weapons
 a - the +10 flail of the Tooth (weapon) {pain, rN+ Will+ Str-3 Dex+5}
   (You found it on level 5 of the Dungeon)

   In the hands of one skilled in necromantic magic, it inflicts extra damage on
   living creatures.
   It affects your strength (-3).
   It affects your dexterity (+5).
   It protects you from negative energy.
   It increases your willpower.
 b - a +1 vorpal broad axe
 y - the +6 arbalest "Damnation" {damnation}
   (You found it on level 1 of the Vaults)
Missiles
 h - 1489 stones (quivered)
 r - 963 arrows
 D - 322 bolts
Armour
 v - a +1 kite shield of cold resistance (worn)
 w - the +0 hat of Bom Iga {Regen+ rCorr Slay-2 Stlth+}
   (Okawaru gifted it to you on level 1 of the Vaults)

   It affects your accuracy and damage with ranged weapons and melee attacks
   (-2).
   It increases your rate of health regeneration.
   It protects you from acid and corrosion.
   It makes you more stealthy.
 G - the +3 barding of Kindness {Harm rF- rN+++ rCorr}
   (Okawaru gifted it to you on level 3 of the Depths)

   It makes you vulnerable to fire.
   It renders you almost immune to negative energy.
   It protects you from acid and corrosion.
   It increases damage dealt and taken.
 I - a +2 robe of fire resistance (melded)
 P - the +3 hat of Pondering (melded) {ponderous, Will+ MP+10 Int+5}
   (You bought it in a shop on level 3 of the Vaults)

   It affects your intelligence (+5).
   It affects your magic capacity (+10).
   It increases your willpower.
 U - a +2 pair of gloves of strength (melded)
 V - a +0 cloak of stealth (melded)
 Y - the +4 barding of the Foremost Allies (melded) {rElec rN++ Str-3 Slay+2}
   (Okawaru gifted it to you in a Gauntlet)

   It affects your strength (-3).
   It affects your accuracy and damage with ranged weapons and melee attacks
   (+2).
   It insulates you from electricity.
   It greatly protects you from negative energy.
Jewellery
 f - the ring of Pyromania {Fly rF+ Int+6 Dex+4}
   (You found it on level 6 of the Lair of Beasts)

   [ring of intelligence]

   It affects your intelligence (+6).
   It affects your dexterity (+4).
   It protects you from fire.
   It grants you flight.
 i - the ring of Moodiness (left branch) {rElec Will++ AC+4 Dex-4 SInv}
   (You bought it in a shop on level 1 of the Snake Pit)

   [ring of protection]

   It affects your AC (+4).
   It affects your dexterity (-4).
   It insulates you from electricity.
   It lets you see invisible.
   It greatly increases your willpower.
 t - the ring of the Greedy (right branch) {rPois rC+++ rCorr Int-4 Slay+4}
   (You acquired it on level 5 of the Lair of Beasts)

   [ring of slaying]

   It affects your intelligence (-4).
   It affects your accuracy and damage with ranged weapons and melee attacks
   (+4).
   It renders you almost immune to cold.
   It protects you from poison.
   It protects you from acid and corrosion.
 x - a +6 ring of dexterity
 A - the macabre finger necklace {rN+}
   (You took it off a deep elf master archer on level 3 of the Elven Halls)

   [amulet of nothing]

   It enables you to equip an extra ring.
   It protects you from negative energy.
 K - the amulet "Qogun" {+Blink rElec rN++ Regen+ Int-2}
   (You took it off a deep elf death mage on level 3 of the Elven Halls)

   [amulet of regeneration]

   It affects your intelligence (-2).
   It insulates you from electricity.
   It greatly protects you from negative energy.
   It lets you blink.
   It increases your rate of health regeneration.
 N - a ring of wizardry
 Q - an amulet of faith (around neck)
Wands
 e - a wand of iceblast (28)
 j - a wand of flame (5)
 R - a wand of acid (1)
Scrolls
 c - 2 scrolls of magic mapping
 m - 2 scrolls of silence
 s - a scroll of brand weapon
 z - 7 scrolls of enchant weapon
 B - 2 scrolls of holy word
 F - 3 scrolls of fog
 W - 3 scrolls of enchant armour
 X - 16 scrolls of identify
Potions
 d - 3 potions of flight
 g - a potion of lignification
 k - a potion of mutation
 l - 5 potions of resistance
 n - 5 potions of might
 p - 3 potions of brilliance
 q - 10 potions of attraction
 C - a potion of cancellation
 M - 4 potions of berserk rage
Miscellaneous
 S - a lightning rod (4/4)


   Skills:
 - Level 18.0 Fighting
 - Level 12.1 Axes
 * Level 11.6 Armour
 - Level 12.0 Dodging
 - Level 12.0 Stealth
 - Level 9.0 Shields
 + Level 14.4 Spellcasting
 + Level 16.4 Conjurations
 - Level 1.0 Transmutations
 + Level 14.0 Earth Magic
 - Level 8.0 Poison Magic


You had 12 spell levels left.
You knew the following spells:

 Your Spells              Type           Power      Damage    Failure   Level
a - Sting                 Tmut/Pois      100%       1d8       1%          1
c - Mephitic Cloud        Conj/Pois/Air  49%        N/A       1%          3
f - Bolt of Magma         Conj/Fire/Erth 27%        4d13      1%          5
g - Orb of Destruction    Conj           35%        9d13      4%          7
t - Blink                 Tloc           N/A        N/A       6%          2
C - Ignite Poison         Fire/Tmut/Pois 27%        N/A       3%          3
E - Statue Form           Tmut/Erth      30%        N/A       28%         6
G - Iron Shot             Conj/Erth      34%        9d7       1%          6
T - Irradiate             Conj/Tmut      25%        3d22      3%          5

Your spell library contained the following spells:

 Spells                   Type           Power      Damage    Failure   Level
 Magic Dart               Conj           100%       1d8       0%          1
 Sandblast                Erth           100%       2d20      0%          1
 Searing Ray              Conj           100%       3d7       0%          2
 Foxfire                  Conj/Fire      100%       2x1d9     1%          1
 Passwall                 Tmut/Erth      38%        N/A       1%          2
 Poisonous Vapours        Pois/Air       62%        N/A       1%          2
 Static Discharge         Conj/Air       49%        N/A       1%          2
 Conjure Flame            Conj/Fire      49%        6-21      1%          3
 Dazzling Flash           Conj/Hex       98%        N/A       1%          3
 Stone Arrow              Conj/Erth      100%       3d13      1%          3
 Fulminant Prism          Conj/Hex       24%        3d13      1%          4
 Hailstorm                Conj/Ice       49%        3d11      1%          4
 Iskenderun's Mystic Bla  Conj/Tloc      49%        2d11      1%          4
 Olgreb's Toxic Radiance  Pois           48%        N/A       1%          4
 Petrify                  Tmut/Erth      46%        N/A       1%          4
 Iskenderun's Battlesphe  Conj           71%        2d12      1%          5
 Lee's Rapid Deconstruct  Erth           32%        3d18*     1%          5
 Animate Armour           Summ/Erth      88%        N/A       2%          4
 Leda's Liquefaction      Hex/Erth       22%        N/A       2%          4
 Animate Skeleton         Necr           30%        N/A       4%          1
 Apportation              Tloc           30%        N/A       4%          1
 Corona                   Hex            16%        N/A       4%          1
 Freeze                   Ice            60%        1d8       4%          1
 Pain                     Necr           60%        1d7       4%          1
 Summon Small Mammal      Summ           60%        N/A       4%          1
 Fireball                 Conj/Fire      24%        3d11      4%          5
 Lightning Bolt           Conj/Air       24%        1d40      4%          5
 Call Imp                 Summ           15%        N/A       6%          2
 Ensorcelled Hibernation  Hex/Ice        30%        N/A       6%          2
 Slow                     Hex            15%        N/A       6%          2
 Borgnjor's Vile Clutch   Necr/Erth      22%        N/A       6%          5
 Call Canine Familiar     Summ           15%        N/A       12%         3
 Confusing Touch          Hex            15%        N/A       12%         3
 Frozen Ramparts          Ice            30%        1d5       12%         3
 Gell's Gravitas          Tloc           7%         N/A       12%         3
 Ozocubu's Armour         Ice            15%        N/A       12%         3
 Portal Projectile        Hex/Tloc       30%        N/A       12%         3
 Summon Guardian Golem    Hex/Summ       15%        N/A       12%         3
 Tukima's Dance           Hex            15%        N/A       12%         3
 Vampiric Draining        Necr           7%         2d7       12%         3
 Starburst                Conj/Fire      24%        8x6d8     22%         6
 Ice Form                 Ice/Tmut       17%        N/A       32%         4
 Animate Dead             Necr           7%         N/A       38%         4
 Cause Fear               Hex            7%         N/A       38%         4
 Passage of Golubria      Tloc           N/A        N/A       38%         4
 Summon Ice Beast         Ice/Summ       15%        N/A       38%         4
 Summon Lightning Spire   Summ/Air       15%        N/A       38%         4
 Lehudib's Crystal Spear  Conj/Erth      34%        10d9      45%         8
 Freezing Cloud           Conj/Ice/Air   19%        6-21      54%         6
 Yara's Violent Unravell  Hex/Tmut       8%         3d5       67%         5
 Agony                    Necr           15%        N/A       75%         5
 Manifold Assault         Tloc           15%        N/A       75%         5
 Metabolic Englaciation   Hex/Ice        7%         N/A       75%         5
 Silence                  Hex/Air        7%         N/A       75%         5
 Spellforged Servitor     Conj/Summ      24%        N/A       77%         7
 Blade Hands              Tmut           9%         N/A       99%         6
 Death Channel            Necr           7%         N/A       99%         6
 Dispersal                Tloc           7%         N/A       99%         6
 Simulacrum               Ice/Necr       7%         N/A       99%         6
 Dragon Form              Tmut           9%         N/A       100%        7
 Ozocubu's Refrigeration  Ice            7%         4d6       100%        7
 Borgnjor's Revivificati  Necr           7%         N/A       100%        8
 Chain Lightning          Conj/Air       24%        N/A       100%        8
 Discord                  Hex            7%         N/A       100%        8
 Disjunction              Tloc           7%         N/A       100%        8
 Ignition                 Fire           7%         3d5       100%        8
 Infestation              Necr           7%         N/A       100%        8
 Necromutation            Tmut/Necr      8%         N/A       100%        8
 Absolute Zero            Ice            7%         ∞         100%        9
 Death's Door             Necr           7%         N/A       100%        9
 Fire Storm               Conj/Fire      24%        8d6       100%        9
 Shatter                  Erth           32%        3d26*     100%        9
 Tornado                  Air            7%         N/A       100%        9


Dungeon Overview and Level Annotations

Branches:
Dungeon (15/15)            Temple (1/1) D:7            Lair (6/6) D:9
  Swamp (0/4) Lair:4        Snake (4/4) Lair:3        Slime (0/5) Lair:6
    Orc (2/2) D:9             Elf (3/3) Orc:2        Vaults (3/5) D:14
  Crypt (0/3) Vaults:2     Depths (3/5) D:15         Bailey (visited)
Volcano (visited)         Gauntlet (visited)

Altars:
Ashenzari
Cheibriados
Dithmenos
Elyvilon
Fedhas
Gozag
Hepliaklqana
Kikubaaqudgha
Makhleb
Nemelex Xobeh
Okawaru
Qazlal
Ru
Sif Muna
Trog
Uskayaw
Vehumet
Wu Jian
Xom
Yredelemnul
Zin
The Shining One
Beogh
Jiyva
Lugonu

Shops:
D:1 (   D:2 =*   D:6 (   D:14 *[=(   Orc:2 ((![   Elf:1 !!==   Snake:1 =**
Snake:2 *(:=   Snake:3 [   Vaults:3 [

Portals:
Hell: Depths:1 Depths:2 Depths:3
Abyss: Depths:1
Pandemonium: Depths:3
Ziggurat: Depths:1
Trove: Vaults:2 (give 5 scrolls of fear)


Innate Abilities, Weirdness & Mutations

You are a tree.
Your roots penetrate the ground, keeping you stationary.
You cannot be teleported.
You are immune to unholy pain and torment.
Your maximum health is greatly increased.
Your equipment is partially melded.
((Your serpentine skin is tough. (AC +7)))
You have supernaturally acute eyesight. (SInv)
((Armour fits poorly on your strangely shaped body.))
((Your system is resistant to poisons. (rPois)))
((You cover ground very slowly.))
You can spit poison.
((You can use your snake-like lower body to constrict enemies.))
You are clumsy. (Dex -2)


Message History

The vampire knight blinks!
The vampire knight throws an atropa-tipped dart.
You block the atropa-tipped dart.
Unknown command.
Unknown command.
Unknown command.
You are confused.
You feel invigorated.
The vampire knight hits you from afar with a +0 glaive!!
* * * LOW HITPOINT WARNING * * *
Unknown command.
The vampire knight hits you from afar with a +0 glaive!
* * * LOW HITPOINT WARNING * * *
Unknown command.
Unknown command.
The vampire knight hits you but does no damage.
Unknown command.
Unknown command.
Unknown command.
Unknown command.
The vampire knight hits you but does no damage.
The vampire knight hits you with a +2 broad axe!
* * * LOW HITPOINT WARNING * * *
The vampire knight bites you but does no damage.
The vampire knight hits you but does no damage.
Unknown command.
Unknown command.
The vampire knight completely misses you.
The vampire knight bites you but does no damage.
The vampire knight hits you from afar with a +0 glaive!
* * * LOW HITPOINT WARNING * * *
Unknown command.
Unknown command.
The vampire knight hits you with a +2 broad axe.
* * * LOW HITPOINT WARNING * * *
The vampire knight bites you but does no damage.
Unknown command.
Unknown command.
The vampire knight hits you from afar with a +0 glaive!!
You die...

#'##########################.###.
#....#...........................
#....#......#######.....#########
#....#......#######.....#....#...
'...............##.......∩...'...
#.#..≈≈≈≈≈≈≈≈≈≈≈≈≈≈≈≈≈...........
#...≈≈≈≈≈≈≈≈≈≈≈≈≈≈≈≈≈≈≈......#...
#..≈≈≈...#########...≈)≈.....'...
#.≈≈≈...##...ZZV♣##..)≈≈≈....####
#.≈≈...##..##'##).##...≈≈.)......
##≈≈..##. #.###V.#'..≈≈........
..≈≈.## #.....##..##.≈≈.)[>....
..≈≈## #.V...###..##≈≈#'##....
..≈≈# #.V.§.# ##..#≈≈...#....
..≈≈# #.._..# ##.#≈≈...#....
##≈≈# #.....' #[#≈≈...#.... .#≈≈#
#.....#. #.#≈≈...##'##


You could see 2 vampire knights, a fire giant zombie and a frost giant zombie.

Vanquished Creatures
  A juggernaut (Depths:2)
  Margery (Depths:3)
  Vashnia (Snake:4)
  the Enchantress (Depths:3)
  Jory (Depths:3)
  Jorgrun (Snake:1)
  Asterion (Depths:2)
  2 deep elf blademasters (Elf:3)
  2 deep elf master archers (Elf:3)
  Agnes (Elf:2)
  A tengu reaver (Depths:2)
  A sphinx (Depths:2)
  2 nagarajas (Snake:4)
  3 fire giants
  A vault warden (Vaults:1)
  6 frost giants
  A deep elf sorcerer (Elf:3)
  An emperor scorpion (shapeshifter) (Elf:3)
  4 iron dragons (Depths:2)
  Aizul (Snake:2)
  2 orc warlords
  5 deep elf elementalists (Elf:3)
  3 spriggan defenders (Depths:3)
  9 ironbound preservers
  14 very ugly things
  9 stone giants
  5 vampire knights
  A minotaur (Gauntlet)
  Azrael (D:13)
  6 deep elf demonologists
  11 deep elf annihilators (Elf:3)
  10 spark wasps
  7 ettins
  2 green deaths
  13 jiangshi
  7 deep elf death magi
  A dire elephant (Vaults:2)
  3 fire dragons
  2 yaktaur captains
  9 hydras
  A deep elf high priest (Elf:3)
  2 ice dragons (Depths:2)
  4 rakshasas
  20 naga warriors
  2 great orbs of eyes
  5 catoblepae
  3 boulder beetles
  5 spriggan air magi
  7 salamander tyrants
  4 ironbound thunderhulks
  A vault guard (Vaults:1)
  16 centaur warriors
  5 ironbound frosthearts
  4 two-headed ogres
  32 dancing weapons
  16 anacondas
  5 deep troll shamans
  4 orc high priests
  4 ironbound beastmasters
  2 deep troll earth magi (Depths:3)
  4 tengu warriors
  17 death yaks
  6 vampire magi
  A spriggan berserker (Depths:3)
  4 hell knights (Depths:3)
  12 shock serpents
  20 naga sharpshooters
  A sun demon (Volcano)
  9 deep elf knights
  A spriggan (Depths:3)
  4 iron trolls (Depths:3)
  11 skeletal warriors
  12 salamander mystics
  2 sea snakes (Snake:3)
  34 deep trolls
  A flayed ghost (Depths:1)
  7 phantasmal warriors (Depths:3)
  8 naga ritualists
  An obsidian statue (Volcano)
  2 glowing orange brains
  7 wizards
  6 necromancers
  10 deep elf archers
  An orange crystal statue (Elf:3)
  9 lindwurms
  4 ironbound convokers
  3 orc knights (Vaults:1)
  4 harpies (Vaults:2)
  10 mana vipers
  23 deep elf pyromancers
  19 deep elf zephyrmancers
  A frost giant zombie (Depths:3)
  35 ugly things
  4 orc sorcerers
  3 fire giant zombies (Depths:3)
  A cyclops (D:12)
  15 slime creatures
  Maurice (Orc:1)
  6 manticores
  A salamander (shapeshifter) (Elf:1)
  33 black mambas
  35 salamanders
  4 rust devils (Depths:2)
  14 naga magi
  2 centaur zombies
  14 elephants
  12 guardian serpents
  An orange demon (Depths:3)
  16 cane toads
  9 vault sentinels
  2 torpor snails (Lair:4)
  An ice statue (Lair:6)
  A kobold demonologist (D:12)
  A minotaur zombie (Gauntlet)
  An unseen horror (D:11)
  4 rime drakes
  2 ice devils
  9 yaktaurs
  4 tengu conjurers
  7 komodo dragons
  A komodo dragon (shapeshifter) (Elf:1)
  A troll (shapeshifter) (D:14)
  4 trolls
  2 polar bears
  2 hornets
  Prince Ribbit (D:8)
  A polar bear (shapeshifter) (D:13)
  A raiju (Depths:3)
  11 blink frogs
  6 flying skulls (Depths:3)
  A redback (shapeshifter) (D:15)
  3 shadows
  5 water elementals
  2 vampires
  5 wraiths
  A centaur simulacrum (D:15)
  An air elemental (Elf:2)
  62 yaks
  4 wyverns
  10 vampire mosquitoes
  6 fire elementals
  7 fire bats (Volcano)
  2 neqoxecs
  A steam dragon (D:8)
  7 basilisks
  3 chaos spawn
  A warg (Orc:1)
  38 nagas
  20 water moccasins
  14 hell hounds
  5 ice beasts (Lair:6)
  34 orc warriors
  6 necrophages
  3 ogres
  2 black bears
  23 wolves
  18 centaurs
  2 phantoms (D:6)
  7 bullfrogs
  4 scorpions
  2 earth elementals
  5 killer bees (D:8)
  2 spectral wolves (Depths:3)
  A howler monkey (D:9)
  13 wights
  4 electric eels
  5 lava snakes (Volcano)
  Crazy Yiuf (D:7)
  27 orc priests
  3 jellies
  A scorpion zombie (D:5)
  An iron imp (Depths:1)
  A bullfrog skeleton (D:6)
  7 iguanas
  19 orc wizards
  Natasha (thrice) (D:2)
  4 hell rats (Lair:3)
  A killer bee zombie (D:8)
  A mummy (D:10)
  A howler monkey zombie (D:8)
  3 gnolls (Orc:2)
  5 adders
  3 river rats (Lair:3)
  A shadow imp (D:8)
  4 white imps
  3 ufetubi
  An adder zombie (D:5)
  A worm (D:3)
  4 dart slugs
  94 orcs
  5 ball pythons
  8 bats
  4 endoplasms
  2 giant cockroaches (D:1)
  12 hobgoblins
  7 jackals
  6 quokkas
  A frilled lizard (D:1)
  2 goblins
  2 kobolds (D:3)
  6 rats
1390 creatures vanquished.

Vanquished Creatures (collateral kills)
  Sojobo (Depths:2)
  A tengu reaver (Depths:2)
  A wizard (Vaults:1)
3 creatures vanquished.

Vanquished Creatures (others)
  A black mamba (Snake:1)
  A killer bee (D:8)
  6 bushes (D:9)
  A demonic plant (Gauntlet)
  41 fungi
  106 plants
156 creatures vanquished.

Grand Total: 1549 creatures vanquished

Notes
Turn   | Place    | Note
-------+----------+-------------------------------------------
     0 | D:1      | Meow the Naga Venom Mage began the quest for the Orb.
     0 | D:1      | Reached XP level 1. HP: 15/15 MP: 3/3
    64 | D:1      | Found Natzo's Weapon Emporium.
   168 | D:1      | Reached XP level 2. HP: 22/22 MP: 0/5
   805 | D:2      | Reached XP level 3. HP: 21/28 MP: 0/7
   809 | D:2      | Learned a level 3 spell: Mephitic Cloud
   871 | D:2      | Found a faded altar of an unknown god.
   909 | D:2      | Found Aguwk's Jewellery Boutique.
   920 | D:2      | Reached skill level 5 in Poison Magic
  1051 | D:2      | Noticed Natasha
  1116 | D:3      | Reached XP level 4. HP: 28/36 MP: 4/8
  1943 | D:2      | Killed Natasha
  1944 | D:2      | Reached XP level 5. HP: 36/42 MP: 5/10
  1980 | D:2      | Found Mecotoir's General Store.
  2093 | D:2      | Noticed Natasha
  2162 | D:2      | Killed Natasha
  2346 | D:2      | Noticed Natasha
  2352 | D:2      | Killed Natasha
  2452 | D:4      | Learned a level 3 spell: Ignite Poison
  2512 | D:4      | Learned a level 2 spell: Blink
  2514 | D:4      | Learned a level 1 spell: Magic Dart
  2582 | D:4      | Found a sparkling altar of Nemelex Xobeh.
  2583 | D:4      | Found a glowing golden altar of the Shining One.
  2583 | D:4      | Found a hide-covered altar of Uskayaw.
  2605 | D:4      | Reached XP level 6. HP: 50/50 MP: 4/12
  2658 | D:4      | Found a sacrificial altar of Ru.
  2739 | D:4      | Reached skill level 1 in Fighting
  2739 | D:4      | Reached skill level 1 in Conjurations
  2943 | D:4      | Found a broken altar of Ashenzari.
  2945 | D:4      | Found a burning altar of Makhleb.
  2945 | D:4      | Found a basalt altar of Yredelemnul.
  2947 | D:4      | Found a hide-covered altar of Uskayaw.
  2947 | D:4      | Found an ancient bone altar of Kikubaaqudgha.
  2947 | D:4      | Found a shimmering altar of Xom.
  3295 | D:5      | Entered Level 5 of the Dungeon
  3296 | D:5      | Noticed a black bear
  3303 | D:5      | Killed a black bear
  3304 | D:5      | Reached XP level 7. HP: 57/58 MP: 6/13
  3366 | D:5      | Identified the +10 flail of the Tooth {pain, rN+ Will+
                  | Str-3 Dex+5}
  3375 | D:5      | Reached skill level 2 in Fighting
  3633 | D:5      | Reached skill level 5 in Stealth
  3739 | D:6      | Found a bloodstained altar of Trog.
  3745 | D:6      | Reached XP level 8. HP: 68/68 MP: 15/15
  3791 | D:6      | Found Maett's Antique Weapon Boutique.
  3835 | D:6      | Reached skill level 3 in Fighting
  3835 | D:6      | Reached skill level 5 in Spellcasting
  4422 | D:7      | Found an ancient bone altar of Kikubaaqudgha.
  4431 | D:7      | Found a shimmering blue altar of Sif Muna.
  4433 | D:7      | Found a radiant altar of Vehumet.
  4437 | D:7      | Identified Vehumet's Almanac of Confrontation
  4495 | D:7      | Found a staircase to the Ecumenical Temple.
  4495 | D:7      | Noticed a shadow
  4504 | D:7      | Killed a shadow
  4512 | Temple   | Entered the Ecumenical Temple
  4839 | D:7      | Reached skill level 4 in Fighting
  4849 | D:7      | Reached XP level 9. HP: 70/79 MP: 17/17
  4898 | D:7      | Found a white marble altar of Elyvilon.
  4935 | D:7      | Found an iron altar of Okawaru.
  4941 | D:7      | Became a worshipper of Warmaster Okawaru
  5194 | D:7      | Found a runed translucent door.
  5195 | D:7      | Noticed Crazy Yiuf
  5205 | D:7      | Killed Crazy Yiuf
  5298 | D:8      | Noticed Prince Ribbit
  5305 | D:8      | Killed Prince Ribbit
  5306 | D:8      | Reached skill level 5 in Fighting
  5306 | D:8      | Reached skill level 5 in Conjurations
  5525 | D:8      | Reached * piety under Okawaru
  5877 | D:8      | Reached XP level 10. HP: 39/88 MP: 4/20
  5911 | D:8      | Identified the +1 giant spiked club of the Muttering Seer
                  | {freeze, rC+ rN+ Will+}
  6305 | D:9      | Reached skill level 6 in Fighting
  6372 | D:9      | Reached ** piety under Okawaru
  6373 | D:9      | Reached skill level 10 in Stealth
  6420 | D:9      | Found a staircase to the Orcish Mines.
  6575 | D:2      | Bought an amulet of faith for 400 gold pieces
  6771 | D:9      | Learned a level 5 spell: Iskenderun's Battlesphere
  6823 | D:9      | Found a staircase to the Lair.
  6831 | D:10     | Entered Level 10 of the Dungeon
  6839 | D:10     | Reached skill level 1 in Shields
  7492 | D:10     | Learned a level 5 spell: Bolt of Magma
  7510 | D:10     | Reached *** piety under Okawaru
  7530 | D:10     | Reached skill level 1 in Earth Magic
  8155 | D:9      | Reached **** piety under Okawaru
  8156 | D:9      | Reached skill level 7 in Fighting
  8156 | D:9      | Reached XP level 11. HP: 95/100 MP: 15/22
  8224 | D:9      | Reached ***** piety under Okawaru
  8651 | Orc:1    | Entered Level 1 of the Orcish Mines
  8690 | Orc:1    | Noticed an orc sorcerer
  8691 | Orc:1    | Noticed a two-headed ogre
  8697 | Orc:1    | Killed a two-headed ogre
  8698 | Orc:1    | Killed an orc sorcerer
  8698 | Orc:1    | Received a gift from Okawaru
  8794 | Orc:1    | Noticed Maurice
  8878 | Orc:1    | Killed Maurice
  8882 | Orc:1    | Reached skill level 5 in Earth Magic
  9066 | Orc:2    | Entered Level 2 of the Orcish Mines
  9066 | Orc:2    | Found a staircase to the Elven Halls.
  9559 | Orc:2    | Noticed an orc high priest
  9575 | Orc:2    | Killed an orc high priest
  9747 | Orc:2    | Noticed an orc high priest
  9755 | Orc:2    | Noticed a soul eater
  9773 | Orc:2    | Noticed an orc high priest
  9774 | Orc:2    | Noticed an orc high priest
  9779 | Orc:2    | Noticed a soul eater
 10340 | Orc:2    | Reached skill level 8 in Fighting
 10428 | Orc:1    | Killed an orc high priest
 10494 | Orc:1    | Reached XP level 12. HP: 81/110 MP: 19/24
 10522 | Orc:2    | Noticed a sun demon
 10632 | Orc:2    | Killed an orc high priest
 11033 | Orc:2    | Killed an orc high priest
 11171 | Orc:2    | Reached ****** piety under Okawaru
 11222 | Orc:2    | Found Ravywkir's Antique Weapon Shop.
 11222 | Orc:2    | Found Joyrr's Distillery.
 11236 | Orc:2    | Found Bumpau's Antique Armour Boutique.
 11240 | Orc:2    | Found Tekoevaa's Weapon Shop.
 11267 | Orc:2    | Bought a potion of heal wounds for 55 gold pieces
 11267 | Orc:2    | Bought a potion of haste for 110 gold pieces
 11272 | Orc:2    | Bought a pair of glowing gloves for 277 gold pieces
 11545 | Orc:2    | Learned a level 6 spell: Iron Shot
 11639 | Lair:1   | Entered Level 1 of the Lair of Beasts
 11817 | Lair:1   | Received a gift from Okawaru
 11818 | Lair:1   | Reached skill level 5 in Shields
 12197 | Lair:1   | Noticed a six-headed hydra
 12204 | Lair:1   | Killed a six-headed hydra
 12545 | Lair:2   | Noticed a six-headed hydra
 12648 | Lair:2   | Reached skill level 9 in Fighting
 12904 | Lair:2   | Killed a six-headed hydra
 13314 | Lair:1   | Gained mutation: You can use your snake-like lower body to
                  | constrict enemies. [Naga growth]
 13314 | Lair:1   | Reached XP level 13. HP: 111/121 MP: 8/25
 13461 | Lair:1   | Identified a scroll of acquirement
 13462 | Lair:1   | Acquired a +1 vorpal broad axe
 13511 | Lair:3   | Found a dark tunnel.
 13518 | Volcano  | Entered a volcano
 13542 | Volcano  | Received a gift from Okawaru
 13757 | Volcano  | Found a bloodstained altar of Trog.
 14097 | Lair:3   | Received a gift from Okawaru
 14788 | Lair:3   | Found a staircase to the Snake Pit.
 14803 | Lair:3   | Received a gift from Okawaru
 14968 | Lair:3   | Reached skill level 10 in Fighting
 15113 | Lair:3   | Reached skill level 10 in Conjurations
 15892 | Lair:4   | Found a staircase to the Swamp.
 15917 | Lair:4   | Identified the +9 longbow of Squeaky Courage {vorpal,
                  | +Blink} (Okawaru gifted it to you on level 4 of the Lair of
                  | Beasts)
 15917 | Lair:4   | Received a gift from Okawaru
 15934 | Lair:4   | Reached XP level 14. HP: 121/132 MP: 12/27
 15961 | Lair:4   | Found a snail-covered altar of Cheibriados.
 17743 | Lair:5   | Received a gift from Okawaru
 18128 | Lair:6   | Entered Level 6 of the Lair of Beasts
 18185 | Lair:5   | Reached skill level 10 in Earth Magic
 18942 | Lair:5   | Identified the +4 war axe "Zusch" {vorpal, *Rage rN+ rCorr}
                  | (Okawaru gifted it to you on level 5 of the Lair of Beasts)
 18942 | Lair:5   | Received a gift from Okawaru
 18950 | Lair:5   | Acquired the ring of the Greedy {rPois rC+++ rCorr Int-4
                  | Slay+4}
 19128 | Lair:6   | Reached skill level 10 in Spellcasting
 19439 | Lair:6   | Reached skill level 11 in Fighting
 19480 | Lair:6   | Received a gift from Okawaru
 19545 | Lair:6   | Found a staircase to the Slime Pits.
 19545 | Lair:6   | Found a viscous altar of Jiyva.
 20384 | Lair:6   | Reached XP level 15. HP: 101/144 MP: 10/29
 20535 | Lair:6   | Reached skill level 12 in Fighting
 20840 | Lair:6   | Identified the +9 plate armour of Impressiveness {rElec rF+
                  | rN+ Int+4}
 21200 | D:11     | Identified the +5 chain mail of Midnight {rPois} (Okawaru
                  | gifted it to you on level 11 of the Dungeon)
 21200 | D:11     | Received a gift from Okawaru
 21438 | D:11     | Found a flagged portal.
 21447 | Bailey   | Entered a bailey
 24180 | D:14     | Found Nouppywa's Assorted Antiques.
 24207 | D:14     | Found a gate to the Vaults.
 24225 | D:14     | Found Righenad's Jewellery Shoppe.
 24262 | D:14     | Found a gate leading to a gauntlet.
 24274 | Gauntlet | Entered a Gauntlet
 24274 | Gauntlet | Found a transporter.
 24281 | Gauntlet | Found a transporter.
 24284 | Gauntlet | Found a transporter.
 24295 | Gauntlet | Found a transporter.
 24298 | Gauntlet | Found a transporter.
 24310 | Gauntlet | Found a transporter.
 24325 | Gauntlet | Found a transporter.
 24338 | Gauntlet | Found a transporter.
 24350 | Gauntlet | Found a transporter.
 24355 | Gauntlet | Found a transporter.
 24355 | Gauntlet | Found a transporter.
 24379 | Gauntlet | Found a transporter.
 24385 | Gauntlet | Found a transporter.
 24437 | Gauntlet | Found a transporter.
 24440 | Gauntlet | Found a runed translucent door.
 24572 | Gauntlet | Gained mutation: You are clumsy. (Dex -2) [a neqoxec]
 24756 | Gauntlet | Identified the +7 shortbow "Dyoqeshro" {venom, rF- rC+
                  | Dex+5}
 24962 | Gauntlet | Identified the +4 barding of the Foremost Allies {rElec
                  | rN++ Str-3 Slay+2} (Okawaru gifted it to you in a Gauntlet)
 24962 | Gauntlet | Received a gift from Okawaru
 24980 | Gauntlet | Identified the ring "Rifigah" {rCorr Stlth+}
 25081 | Gauntlet | Identified the +0 short sword of the Shining Light {freeze,
                  | Str+4}
 25351 | D:14     | Noticed Azrael
 25357 | D:13     | Killed Azrael
 25500 | D:14     | Found Aromusy's Weapon Emporium.
 25607 | D:14     | Found Qecuhiage's Antique Armour Emporium.
 25874 | D:14     | Bought a potion of heal wounds for 165 gold pieces
 26176 | D:15     | Entered Level 15 of the Dungeon
 27112 | D:15     | Found a staircase to the Depths.
 27511 | D:15     | Received a gift from Okawaru
 27512 | D:15     | Reached XP level 16. HP: 115/152 MP: 13/32
 28096 | D:15     | Found a runed translucent door.
 28100 | D:15     | Found a burning altar of Makhleb.
 28153 | D:15     | Learned a level 7 spell: Orb of Destruction
 29362 | Lair:6   | Identified the ring of Pyromania {Fly rF+ Int+6 Dex+4}
 29369 | Lair:6   | Identified the +8 falchion "Bustufi" {venom, Fly rElec
                  | Str+4 Int-3}
 29555 | Elf:1    | Entered Level 1 of the Elven Halls
 29794 | Elf:1    | Received a gift from Okawaru
 30426 | Elf:1    | Reached skill level 15 in Conjurations
 31094 | Elf:1    | Found Xicuo's Distillery.
 31095 | Elf:1    | Found Cucs's Jewellery Shoppe.
 31095 | Elf:1    | Found Ynuisk's Distillery.
 31098 | Elf:1    | Received a gift from Okawaru
 31104 | Elf:1    | Found Recemm's Jewellery Shoppe.
 31612 | Elf:2    | Noticed Agnes
 31618 | Elf:2    | Killed Agnes
 31850 | Elf:2    | Reached skill level 5 in Dodging
 32709 | Elf:2    | Found a huge runed translucent gate.
 32709 | Elf:2    | Found a huge runed translucent gate.
 32720 | Elf:2    | Found a huge runed translucent gate.
 32727 | Elf:2    | Found a huge runed translucent gate.
 32727 | Elf:2    | Found a huge runed translucent gate.
 32737 | Elf:2    | Reached XP level 17. HP: 107/162 MP: 12/33
 32899 | Elf:2    | Received a gift from Okawaru
 33366 | Elf:2    | Reached skill level 13 in Fighting
 34175 | Elf:3    | Entered Level 3 of the Elven Halls
 34349 | Elf:3    | Noticed a sphinx
 34349 | Elf:3    | a minotaur changed into a sphinx
 34349 | Elf:3    | a sphinx changed into an eleionoma
 34356 | Elf:3    | Received a gift from Okawaru
 34937 | Elf:3    | Noticed a deep elf master archer
 35523 | Elf:3    | Reached skill level 14 in Fighting
 35573 | Elf:3    | Identified the +7 bardiche "Beaq" {holy, Str+3} (Okawaru
                  | gifted it to you on level 3 of the Elven Halls)
 35573 | Elf:3    | Received a gift from Okawaru
 35676 | Elf:3    | Identified the ring "Zoonan" {Fly rF+}
 36193 | Elf:3    | Identified the +0 barding of Resonance {*Slow +Blink Dex+7
                  | Stlth+} (Okawaru gifted it to you on level 3 of the Elven
                  | Halls)
 36193 | Elf:3    | Received a gift from Okawaru
 36396 | Elf:3    | Noticed a deep elf blademaster
 36581 | Elf:3    | Killed a deep elf master archer
 36582 | Elf:3    | Reached skill level 15 in Fighting
 37107 | Elf:3    | Noticed a deep elf blademaster
 37112 | Elf:3    | Killed a deep elf blademaster
 37113 | Elf:3    | Reached XP level 18. HP: 178/178 MP: 20/35
 37232 | Elf:3    | Identified the amulet "Qogun" {+Blink rElec rN++ Regen+
                  | Int-2}
 37584 | Elf:3    | Noticed a deep elf master archer
 37785 | Elf:3    | Killed a deep elf master archer
 37788 | Elf:3    | Noticed an Ice Fiend
 37934 | Elf:3    | Killed a deep elf blademaster
 38133 | Elf:3    | Identified the Guide on the Damaging Frostbite
 38232 | Elf:3    | Identified the -2 cloak of the Devil {rPois rC+ Int-3}
 38273 | Elf:3    | Learned a level 5 spell: Irradiate
 38532 | Snake:1  | Entered Level 1 of the Snake Pit
 38921 | Snake:1  | Identified the +5 hand axe "Pevvok" {freeze, Dex+2}
 39169 | Snake:1  | Noticed Jorgrun
 39173 | Snake:1  | Killed Jorgrun
 39218 | Snake:1  | Identified the +0 barding of the Boiling Point {rN++ rCorr
                  | Str-2 Slay+2} (Okawaru gifted it to you on level 1 of the
                  | Snake Pit)
 39218 | Snake:1  | Received a gift from Okawaru
 39691 | Snake:1  | Found Repistaf's General Store.
 39691 | Snake:1  | Found Fis Geul's Assorted Antiques.
 39695 | Snake:1  | Found Ozuopi's Jewellery Boutique.
 39701 | Snake:1  | Bought a glittering jade ring for 100 gold pieces
 39701 | Snake:1  | Identified the ring of Moodiness {rElec Will++ AC+4 Dex-4
                  | SInv} (You bought it in a shop on level 1 of the Snake Pit)
 40081 | Snake:1  | Reached skill level 1 in Axes
 40216 | Snake:2  | Noticed Aizul
 41178 | Snake:2  | Reached skill level 16 in Fighting
 43049 | Snake:2  | Found Rerue's Assorted Antiques.
 43051 | Snake:2  | Found Qear's Antique Weapon Shoppe.
 43053 | Snake:2  | Found Seotz's Jewellery Shoppe.
 43054 | Snake:2  | Found Citzituu's Book Shoppe.
 43073 | Snake:2  | Killed Aizul
 43305 | Snake:3  | Reached skill level 5 in Axes
 43309 | Snake:3  | Received a gift from Okawaru
 43595 | Snake:3  | Reached skill level 10 in Dodging
 43746 | Snake:4  | Entered Level 4 of the Snake Pit
 44253 | Snake:3  | Reached XP level 19. HP: 186/188 MP: 17/36
 44740 | Snake:3  | Found Jounus's Armour Shoppe.
 45741 | Snake:4  | Noticed Vashnia
 46272 | Snake:4  | Received a gift from Okawaru
 47922 | Snake:4  | Received a gift from Okawaru
 49408 | Snake:4  | Killed Vashnia
 50158 | Snake:4  | Received a gift from Okawaru
 51188 | Snake:4  | Reached XP level 20. HP: 168/200 MP: 5/37
 51402 | Snake:4  | Reached skill level 10 in Axes
 51414 | Snake:4  | Reached skill level 17 in Fighting
 51572 | Snake:4  | Got a serpentine rune of Zot
 51953 | Vaults:1 | Entered Level 1 of the Vaults
 51963 | Vaults:1 | Learned a level 6 spell: Statue Form
 52160 | Vaults:1 | Identified the +0 hat of Bom Iga {Regen+ rCorr Slay-2
                  | Stlth+} (Okawaru gifted it to you on level 1 of the Vaults)
 52160 | Vaults:1 | Received a gift from Okawaru
 53444 | Vaults:1 | Found the +6 arbalest "Damnation" {damnation}
 55005 | Vaults:2 | Identified the +5 broad axe of the Lonely Wonders {flame,
                  | Str+2} (Okawaru gifted it to you on level 2 of the Vaults)
 55005 | Vaults:2 | Received a gift from Okawaru
 55388 | Vaults:2 | Found a staircase to the Crypt.
 55412 | Vaults:2 | Reached skill level 1 in Armour
 55825 | Vaults:2 | Found a portal to a secret trove of treasure.
 57266 | Vaults:3 | Found Neacemap's Armour Shoppe.
 57409 | Vaults:3 | Identified the +5 war axe of Disaster {venom, Dex+3}
                  | (Okawaru gifted it to you on level 3 of the Vaults)
 57409 | Vaults:3 | Received a gift from Okawaru
 57410 | Vaults:3 | Reached XP level 21. HP: 210/210 MP: 30/38
 57824 | Vaults:3 | Bought the +3 hat of Pondering {ponderous, Will+ MP+10
                  | Int+5} for 533 gold pieces
 57824 | Vaults:3 | Found the +3 hat of Pondering {ponderous, Will+ MP+10
                  | Int+5}
 59158 | Depths:1 | Entered Level 1 of the Depths
 59240 | Depths:1 | Received a gift from Okawaru
 59325 | Depths:1 | Found a gateway to Hell.
 59433 | Depths:1 | Reached skill level 5 in Armour
 59534 | Depths:1 | Found a snail-covered altar of Cheibriados.
 59547 | Depths:1 | Found a corrupted altar of Lugonu.
 59547 | Depths:1 | Found a one-way gate to the infinite horrors of the Abyss.
 59675 | Depths:1 | Found a gateway to a ziggurat.
 60890 | Depths:1 | Received a gift from Okawaru
 61413 | Depths:2 | Noticed Sojobo
 61477 | Depths:3 | Noticed Asterion
 61505 | Depths:2 | Killed Sojobo
 61871 | Depths:2 | Received a gift from Okawaru
 62085 | Depths:2 | Identified the +3 long sword of Atweani {vorpal, Str+4
                  | Int+2 Dex-5 SInv}
 62129 | Depths:2 | Noticed a juggernaut
 62136 | Depths:2 | Killed a juggernaut
 62424 | Depths:2 | Reached XP level 22. HP: 219/219 MP: 39/39
 63380 | Depths:2 | Reached skill level 18 in Fighting
 63750 | Depths:2 | Killed Asterion
 64445 | Depths:3 | Identified the +3 barding of Kindness {Harm rF- rN+++
                  | rCorr} (Okawaru gifted it to you on level 3 of the Depths)
 64445 | Depths:3 | Received a gift from Okawaru
 64590 | Depths:3 | Found a one-way gate leading to the halls of Pandemonium.
 64759 | Depths:3 | Reached skill level 10 in Armour
 65725 | Depths:3 | Noticed Margery
 65732 | Depths:3 | Killed Margery
 66427 | Depths:3 | Identified the +1 leather armour "Seaxzajy" {Str+3 Int+6}
 66982 | Depths:3 | Received a gift from Okawaru
 67490 | Depths:3 | Noticed the Enchantress
 67529 | Depths:3 | Killed the Enchantress
 67837 | Depths:3 | Found a basalt altar of Yredelemnul.
 67884 | Depths:3 | Identified the +6 battleaxe "Jios" {flame, *Rage rElec
                  | rPois Will+}
 68058 | Depths:3 | Noticed Jory
 68075 | Depths:3 | Killed Jory
 68076 | Depths:3 | Reached XP level 23. HP: 22/228 MP: 1/41
 68085 | Depths:3 | HP: 13/342 [vampire knight/+0 glaive (9)]
 68087 | Depths:3 | Slain by a vampire knight

Illustrated notes

Levels and vault maps discovered:
D:1:      evilmike_arrival_plus, layout_basic, serial_shops, nicolae_shop_trees,
          minmay_misc_feat_iff
D:2:      layout_rooms, chequers_ecumenical_altar_island, serial_shops,
          shop_statue, nicolae_shop_statue_plus, grunt_ministairs_7,
          uniq_natasha
D:3:      corexii_shack_village, layout_rooms
D:4:      layout_basic, doesnt_xom_only_xom, nicolae_overflow_quartered_altars,
          minmay_misc_feat_more_columns, interstate_on_off
D:5:      layout_rooms
D:6:      layout_loops_ring, trog_book, serial_shops, nicolae_shop_statue_plus
D:7:      layout_rooms, grunt_temple_overflow_magic_moments, kennysheep_mini,
          okawaru_gym_becter, temple_fountains, chequers_serial_rivers_small_b,
          uniq_crazy_yiuf_cottage
D:8:      layout_cave_pods, grunt_ministairs_15, minmay_misc_feat_four_crosses,
          nicolae_sextant, hangedman_decor_points, kennysheep_crisscross,
          uniq_prince_ribbit1
D:9:      layout_roguey, minmay_lair_entry_grove, orc_0_dummy
D:10:     layout_loops_ring, serial_undead, serial_undead_c, serial_undead_a,
          serial_undead_f, serial_undead_a
D:11:     layout_irregular_city, enter_bailey_2
D:12:     layout_grid_maze
D:13:     layout_gridville
D:14:     layout_small_grid, david_vaults_1, serial_shops, shop,
          nicolae_shop_trees, shop, nicolae_shop_competitors_out_of_business,
          gauntlet_entry_generic, fungi_pond_lemuel, minmay_misc_feat_cross,
          uniq_azrael
D:15:     grunt_enter_depths_snipers, layout_irregular_city, bloody_makhleb,
          lightli_church_of_beogh
Temple:   minmay_temple_curvy_loop
Lair:1:   layout_gridlike, grunt_megastairs_5
Lair:2:   layout_cave_pods
Lair:3:   layout_loops_ring, minmay_snake_entry_six_corridors, enter_volcano_1,
          kennysheep_abandoned_house, lemuel_fruit_fields, grunt_megastairs_4,
          serial_bayou_shore_b
Lair:4:   layout_layer_cave, minmay_swamp_entry_eels, kennysheep_snail_temple
Lair:5:   layout_layer_cave, lemuel_fruit_tree
Lair:6:   evilmike_catoblepas_cave, layout_regular_city, slime_altar_1,
          ice2_lemuel
Snake:1:  layout_chambers, nicolae_snake_round_shape_thing, minmay_shop_star,
          uniq_jorgrun
Snake:2:  layout_onion_interference, drop_trap, minmay_shop_grid_forest,
          grunt_megastairs_2, uniq_aizul
Snake:3:  layout_misc_corridors, serial_shops, shop, grunt_megastairs_1,
          serial_bayou_shore_a
Snake:4:  snake_pit_salamanders_mu, layout_cave_town, uniq_vashnia
Orc:1:    layout_diamond_mine, serial_shops, shop_fountains, uniq_maurice
Orc:2:    st_orc_mages, layout_caves, mines2_david
Elf:1:    minmay_elf_arrival_plus, layout_geoelf_octagon, minivault_28,
          minmay_shoptagon
Elf:2:    layout_onion_city, grunt_megastairs_3, lemuel_upstairs_altar,
          uniq_agnes
Elf:3:    grunt_elf_hall_diamonds, layout_geoelf_diagonals, serial_glass,
          glass_columns_a, glass_columns_b, minivault_16
Vaults:1: v_rooms_6, nicolae_vaults_diagonal_hallway_9, hangedman_vaults_nails,
          v_misc_27, ontoclasm_vaults_ligature, nicolae_vaults_know_your_exits,
          vaults_standard_mumra_lines, nicolae_vaults_yaktaur_gun_rack,
          hangedman_vaults_stretched_pinwheel, dpeg_vaults_monster_row,
          nicolae_vaults_little_ls, nicolae_vaults_little_squares_2, v_misc_13,
          vaults_room_stairs_pillars, layout_vaults_omnibox
Vaults:2: minmay_crypt_entry_simple_round, ontoclasm_vaults_ring_square,
          nicolae_vaults_network_s, vaults_room_grid, v_misc_5,
          nicolae_vaults_asterisk, ontoclasm_vaults_twist,
          layout_vaults_omnigrid, nicolae_trove_entry_crystal
Vaults:3: vaults_room_semicircle, ontoclasm_vaults_tryst,
          nicolae_vaults_stairing_the_circle, vaults_room_fours,
          nicolae_vaults_windows_and_doors_thing,
          vaults_room_grunt_arrival_ludios, v_misc_2, vaults_mumra_hexcomb,
          v_misc_8, hangedman_vaults_stretched_pinwheel,
          nicolae_vaults_asterisk, nicolae_vaults_specimen_jars,
          layout_vaults_maze_snakey, serial_shops, nicolae_shop_stone
Depths:1: layout_honeycomb, enter_ziggurat_e, minmay_misc_feat_chi, hell_entry,
          abyss_entry_flame_altar, drop_trap, nicolae_wwwww, slow_altar_1
Depths:2: minmay_skeletal_surprise, layout_gridlike, hell_entry, serial_sigils,
          serial_sigils_hangedman_writhe, serial_sigils_hangedman_stare,
          serial_sigils_hangedman_carve, serial_sigils_hangedman_shear,
          minmay_metal_thing, infiniplex_staircase_squiggle, uniq_sojobo
Depths:3: lemuel_vampire_tower, layout_gridville, rand_demon_pan_entry_3,
          kennysheep_cross_room, hell_entry, feat_on_display,
          infiniplex_staircase_hallway_doors, uniq_enchantress, uniq_margery,
          uniq_asterion

Skill      XL: |  1  2  3  4  5  6  7  8  9 10 11 12 13 14 15 16 17 18 19 20 21 22 |
---------------+-------------------------------------------------------------------+-----
Poison Magic   | 5 6 7 8 |  8.0
Spellcasting   | 3 4 5 6 7 8 9 10 12 13 14 | 14.4
Fighting       | 1 2 4 5 7 8 9 10 11 12 15 16 17 18 | 18.0
Conjurations   | 1 2 4 5 7 8 9 10 11 13 15 16 | 16.4
Stealth        | 4 5 7 9 11 12 | 12.0
Shields        | 3 4 6 8 9 |  9.0
Earth Magic    | 2 6 8 9 10 11 12 13 14 | 14.0
Dodging        | 5 8 10 11 12 | 12.0
Axes           | 5 9 11 12 | 12.1
Armour         | 2 8 11 | 11.6
Transmutations | |  1.0

Action                   |  1- 3 |  4- 6 |  7- 9 | 10-12 | 13-15 | 16-18 | 19-21 | 22-24 || total
-------------------------+-------+-------+-------+-------+-------+-------+-------+-------++-------
Melee: Short sword       |    11 |     8 |       |       |       |       |       |       ||    19
       Quarterstaff      |       |    13 |       |       |       |       |       |       ||    13
       Flail             |       |       |   146 |   484 |   607 |   234 |   788 |   183 ||  2442
       Constrict         |       |       |       |       |   132 |    51 |   155 |    27 ||   365
Throw: Stone             |     4 |       |     2 |    10 |    26 |    13 |     4 |     1 ||    60
 Cast: Sting             |    25 |    66 |    13 |    12 |    23 |     1 |       |       ||   140
       Mephitic Cloud    |       |     2 |    22 |    80 |   110 |    10 |    53 |    29 ||   306
       Ignite Poison     |       |       |    10 |    33 |    45 |     2 |    23 |     4 ||   117
       Bolt of Magma     |       |       |       |    29 |    99 |     6 |       |       ||   134
       Blink             |       |       |       |     1 |     1 |       |       |     8 ||    10
       Iron Shot         |       |       |       |       |    76 |    42 |    45 |    54 ||   217
       Orb of Destructio |       |       |       |       |       |   316 |   284 |   139 ||   739
       Irradiate         |       |       |       |       |       |     2 |    16 |     5 ||    23
       Statue Form       |       |       |       |       |       |       |     4 |       ||     4
 Abil: Spit Poison       |    29 |    46 |    25 |    42 |    63 |     7 |     5 |     3 ||   220
Evoke: Wand              |       |       |       |     3 |     2 |    12 |     4 |    19 ||    40
       Lightning rod     |       |       |       |       |       |     3 |    14 |     7 ||    24
  Use: Potion            |     1 |     2 |     4 |     5 |     6 |     4 |     8 |    15 ||    45
       Scroll            |       |     4 |     4 |    12 |    21 |     6 |     9 |     6 ||    62
 Stab: Confused          |       |       |     7 |    16 |    21 |     2 |    21 |     6 ||    73
       Sleeping          |       |       |     1 |     7 |    21 |     1 |     7 |       ||    37
       Distracted        |       |       |       |       |       |       |     2 |       ||     2
Armor: Robe              |    12 |    15 |    57 |    64 |   369 |   199 |   378 |   177 ||  1271
       Troll leather arm |       |       |       |   107 |    35 |       |       |       ||   142
       Skin              |       |       |       |       |       |    10 |     6 |    22 ||    38
Dodge: Dodged            |    24 |    35 |   149 |   386 |   290 |   172 |   452 |   116 ||  1624
Block: Other             |       |       |    40 |     2 |       |       |       |       ||    42
       Buckler           |       |       |       |   130 |       |       |       |       ||   130
       Kite shield       |       |       |       |    45 |   517 |   283 |   560 |   161 ||  1566

Table legend: (Time is in decaauts)
 A = Elapsed time spent in this place.
 B = Non-inter-level travel time spent in this place.
 C = Inter-level travel time spent in this place.
 D = Time resting spent in this place.
 E = Time spent auto-exploring this place.
 F = Levels seen in this place.
 G = Mean time per level.
                   A        B        C        D        E       F      G
               +--------+--------+--------+--------+--------+-----+--------+
         Total |  82716 |  77256 |   5460 |  27561 |  33470 |  40 | 2067.9 |
       Dungeon |  20510 |  18147 |   2363 |   3152 |  11261 |  15 | 1367.3 |
        Temple |    306 |    274 |     32 |      0 |    272 |   1 |  306.0 |
          Lair |  12097 |  11210 |    887 |   1881 |   6868 |   6 | 2016.2 |
     Snake Pit |  15090 |  14265 |    825 |   7873 |   3860 |   4 | 3772.5 |
  Orcish Mines |   3788 |   3564 |    224 |   2037 |    728 |   2 | 1894.0 |
   Elven Halls |  10074 |   9790 |    284 |   3916 |   3316 |   3 | 3358.0 |
        Vaults |   7806 |   7351 |    455 |   3361 |   2819 |   3 | 2602.0 |
        Depths |  10493 |  10106 |    387 |   4680 |   3524 |   3 | 3497.7 |
        Bailey |    720 |    720 |      0 |      0 |    302 |   1 |  720.0 |
       Volcano |    606 |    606 |      0 |    189 |    118 |   1 |  606.0 |
      Gauntlet |   1221 |   1221 |      0 |    469 |    397 |   1 | 1221.0 |
               +--------+--------+--------+--------+--------+-----+--------+

Top non-repeatable levels by time:
 Snake:4: 5300 daAuts
   Elf:3: 4710 daAuts
Depths:3: 4366 daAuts
Vaults:2: 3786 daAuts
 Snake:3: 3708 daAuts
   Elf:2: 3545 daAuts
Depths:2: 3511 daAuts
 Snake:1: 3424 daAuts
Vaults:1: 2972 daAuts
  Lair:6: 2917 daAuts
    D:15: 2811 daAuts
 Snake:2: 2657 daAuts
Depths:1: 2616 daAuts
  Lair:5: 2299 daAuts
  Lair:3: 2218 daAuts
